Selects Airborne Battlegroup
Construct Weapon Support Center
Construct Medical Station
Selects Paratrooper Squad Paradrop
Improved M9 Bazooka Rockets
Paratrooper Squad Paradrop
Selects Anti-tank Gun Team Paradrop
Anti-tank Gun Team Paradrop
Anti-tank Gun Team Paradrop
M4(105) Sherman Bulldozer
Selects Dual P-47 Rocket Strike
Anti-tank Gun Team Paradrop
M4(105) Sherman Bulldozer
Anti-tank Gun Team Paradrop
M4(105) Sherman Bulldozer
M4(105) Sherman Bulldozer